 Dungeon Crawl Stone Soup version 0.21.1-1-g345015f (webtiles) character file.

1374 Hasart the Cudgeler (level 8, 0/62 HPs)
             Began as a Demonspawn Fighter on Apr 1, 2018.
             Was a Follower of Okawaru.
             Succumbed to an orc wizard's poison
             ... on level 6 of the Dungeon.
             The game lasted 00:10:01 (4917 turns).

Hasart the Cudgeler (Demonspawn Fighter)            Turns: 4917, Time: 00:10:02

Health: 0/62       AC: 13    Str: 17 (19) XL:     8   Next: 39%
Magic:  19/19      EV:  9    Int:  8 (10) God:    Okawaru [*.....]
Gold:   237        SH:  9    Dex: 12      Spells: 7/7 levels left

rFire    . . .     SeeInvis .   a - +0 flail
rCold    . . .     Gourm    .   c - +0 shield
rNeg     . . .     Faith    .   b - +0 scale mail
rPois    .         Spirit   .   l - +0 helmet
rElec    .         Reflect  .   (no cloak)
rCorr    +         Harm     .   (no gloves)
MR       .....                  q - +0 pair of boots
Stlth    ..........             e - amulet of magic regeneration
HPRegen  0.20/turn              n - ring of magical power
MPRegen  0.41/turn              (no ring)

@: lethally poisoned (0 -> -71)
A: hooves 1, yellow scales 3, powered by pain 1
a: Heroism, Renounce Religion


You were on level 6 of the Dungeon.
You worshipped Okawaru.
Okawaru was aware of your devotion.
You were not hungry.

You visited 2 branches of the dungeon, and saw 7 of its levels.

You collected 237 gold pieces.

Inventory:

Hand Weapons
 a - a +0 flail (weapon)
Armour
 b - a +0 scale mail (worn)
 c - a +0 shield (worn)
 l - a +0 helmet (worn)
 q - a +0 pair of boots (worn)
Jewellery
 e - an amulet of magic regeneration (around neck)
 k - an uncursed amulet of faith {unknown}
 n - a ring of magical power (left hand)
 s - a +5 ring of strength {unknown}
Wands
 y - a wand of iceblast (15)
 C - a wand of paralysis (15)
Scrolls
 d - 2 scrolls of fog {unknown}
 g - 10 scrolls of identify {unknown}
 i - a scroll of immolation {unknown}
 j - a scroll of enchant armour {unknown}
 m - a scroll of vulnerability {unknown}
 o - 2 scrolls of teleportation {unknown}
 p - 2 scrolls of noise {unknown}
 w - 2 scrolls of remove curse {unknown}
 B - a scroll of fear {unknown}
 D - 2 scrolls of blinking {unknown}
 F - a scroll of random uselessness {unknown}
Potions
 h - a potion of flight
 u - a potion of degeneration
 v - a potion of cancellation {unknown}
 x - a potion of heal wounds
 z - a potion of haste {unknown}
 A - 3 potions of curing {unknown}
 E - a potion of resistance {unknown}
Books
 r - a book of Cantrips

   Spells                             Type                      Level
   a - Confusing Touch                Hexes                        1
   b - Animate Skeleton               Necromancy                   1
   c - Summon Small Mammal            Summoning                    1
   d - Apportation                    Translocation                1
 t - a book of Conjurations

   Spells                             Type                      Level
   a - Magic Dart                     Conjuration                  1
   b - Searing Ray                    Conjuration                  2
   c - Dazzling Spray                 Conjuration/Hexes            3
   d - Fulminant Prism                Conjuration/Hexes            4
   e - Force Lance                    Conjuration/Translocation    4
   f - Iskenderun's Mystic Blast      Conjuration                  4
Comestibles
 f - 12 rations


   Skills:
 + Level 5.0 Fighting
 * Level 5.5 Maces & Flails
 + Level 4.6 Armour
 + Level 3.3 Dodging
 + Level 4.5 Shields
 + Level 2.9 Invocations


You had 7 spell levels left.
You didn't know any spells.

Dungeon Overview and Level Annotations

Branches:
Dungeon (6/15)             Temple (1/1) D:4

Altars:
Ashenzari
Dithmenos
Elyvilon
Fedhas
Gozag
Hepliaklqana
Kikubaaqudgha
Makhleb
Nemelex Xobeh
Okawaru
Ru
Sif Muna
Trog
Uskayaw
Vehumet
Wu Jian
Xom
Zin
The Shining One

Annotations:
D:3 Verendum's ghost, amateur OpIE


Innate Abilities, Weirdness & Mutations

You have large cloven feet.
You are completely covered in yellow scales. (AC +4, rCorr)
You sometimes gain a little power by taking damage.


Message History

You feel very sick. Something hits you but does no damage.
You are more poisoned.
The orc closely misses you. Something hits you but does no damage.
You are more poisoned.
Okay, then.
You barely miss something.
* * * LOW HITPOINT WARNING * * *
You feel very sick. Something hits you but does no damage.
You are more poisoned.
You block the orc's attack.
You miss something.
* * * LOW HITPOINT WARNING * * *
You feel very sick. You block something's attack.
Something hits you but does no damage.
You are more poisoned.
You block the orc's attack.
You miss something.
You die...

###...## ...... #..... $....
# ##...#####.##
.....#.......#
##.##)o..##.#.###
#...#@{.....>...#
#...#....##.#.#.#
####...##.#......#.# ##
#⌠.##'.#.⌠#..#...#.#####.
#.........#........<.....
####........##......#.#####.
#...#.......#...#..##.# #.
#. +...'..._...+...#.###.#
#.
#..#...#.......#.........#
#.


You could see an orc.

Vanquished Creatures
  The ghost of Supreme the Geomancer, a novice GrEE of Vehumet (D:6)
  2 sky beasts (D:5)
  A phantom (D:4)
  3 scorpions
  2 howler monkeys (D:4)
  3 bullfrog skeletons
  An orc wizard (D:6)
  2 centaur skeletons
  Jessica (D:3)
  2 worker ants (D:4)
  A howler monkey zombie (D:5)
  18 adders
  A shadow imp (D:6)
  2 oozes
  2 worms (D:2)
  6 leopard geckos
  15 orcs
  7 bats
  6 giant cockroaches
  5 goblins (D:2)
  8 hobgoblins
  13 jackals
  10 kobolds
  3 quokkas
  A ball python (D:1)
  6 frilled lizards
  A quokka zombie (D:5)
  6 rats
129 creatures vanquished.

Vanquished Creatures (others)
  A human (D:5)
1 creature vanquished.

Grand Total: 130 creatures vanquished

Notes
Turn   | Place    | Note
-------+----------+-------------------------------------------
     0 | D:1      | Hasart the Demonspawn Fighter began the quest for the Orb.
     0 | D:1      | Reached XP level 1. HP: 18/18 MP: 1/1
   209 | D:1      | Gained mutation: You have large cloven feet. [demonic ancestry]
   209 | D:1      | Reached XP level 2. HP: 24/24 MP: 2/2
   784 | D:2      | Reached XP level 3. HP: 15/29 MP: 3/3
  1100 | D:2      | Reached skill level 1 in Dodging
  1161 | D:2      | Gained mutation: You are partially covered in yellow scales. (AC +2) [demonic ancestry]
  1161 | D:2      | Reached XP level 4. HP: 35/35 MP: 4/4
  1925 | D:3      | Reached XP level 5. HP: 41/41 MP: 5/5
  1954 | D:3      | Found a white marble altar of Elyvilon.
  2396 | D:3      | Found a shimmering altar of Xom.
  2461 | D:3      | Found a hazy altar of Hepliaklqana.
  2462 | D:3      | Noticed Jessica
  2464 | D:3      | Killed Jessica
  2545 | D:3      | Noticed Verendum's ghost (amateur OpIE)
  2659 | D:4      | Gained mutation: You are mostly covered in yellow scales. (AC +3) [demonic ancestry]
  2659 | D:4      | Reached XP level 6. HP: 19/48 MP: 6/6
  3220 | D:4      | Found an ancient bone altar of Kikubaaqudgha.
  3302 | D:4      | Gained mutation: You are completely covered in yellow scales. (AC +4, rCorr) [demonic ancestry]
  3302 | D:4      | Reached XP level 7. HP: 46/54 MP: 7/7
  3328 | D:4      | Found a hide-covered altar of Uskayaw.
  3339 | D:4      | Found a staircase to the Ecumenical Temple.
  3358 | Temple   | Entered the Ecumenical Temple
  3419 | Temple   | Became a worshipper of Warmaster Okawaru
  3473 | D:4      | Found a sparkling altar of Nemelex Xobeh.
  3690 | D:5      | Entered Level 5 of the Dungeon
  3818 | D:5      | Reached skill level 1 in Invocations
  3837 | D:5      | Got a fine chain mail
  3848 | D:5      | Identified the +1 chain mail "Puloe" {rF- Str+5} (You took it off an orc on level 5 of the Dungeon)
  4158 | D:5      | Found an ancient bone altar of Kikubaaqudgha.
  4159 | D:5      | Noticed a human
  4161 | D:5      | Killed a human
  4214 | D:5      | Found a blossoming altar of Fedhas.
  4392 | D:6      | Found a sacrificial altar of Ru.
  4392 | D:6      | Noticed Supreme's ghost (novice GrEE)
  4422 | D:6      | Killed Supreme's ghost
  4422 | D:6      | Reached * piety under Okawaru
  4422 | D:6      | Reached skill level 5 in Maces & Flails
  4422 | D:6      | Gained mutation: You sometimes gain a little power by taking damage. [demonic ancestry]
  4422 | D:6      | Reached XP level 8. HP: 19/61 MP: 9/9
  4872 | D:6      | Found a shattered altar of Ashenzari.
  4903 | D:6      | Reached skill level 5 in Fighting
  4917 | D:6      | Succumbed to an orc wizard's poison

Skill      XL: |  1  2  3  4  5  6  7  8 |
---------------+-------------------------+-----
Maces & Flails | 2 3 4 5 |  5.5
Armour         | 3 4 |  4.6
Shields        | 3 4 |  4.5
Dodging        | 1 2 3 |  3.3
Fighting       | 4 5 |  5.0
Invocations    | 2 |  2.9

Action                   |  1- 3 |  4- 6 |  7- 9 || total
-------------------------+-------+-------+-------++-------
Melee: Flail             |   102 |   251 |   229 ||   582
       Kick              |    12 |    33 |       ||    45
  Use: Potion            |     1 |     3 |     3 ||     7
  Eat: Chunk             |     1 |     7 |     6 ||    14
Armor: Scale mail        |    55 |   131 |   119 ||   305
       Skin              |       |       |     7 ||     7
Dodge: Dodged            |    42 |    88 |    65 ||   195
Block: Shield            |    65 |   147 |    94 ||   306
